[ AOE2 MATCH · #484570705 ]
1v1 RMBurgundians vs Portuguese
Rival team · LOSS
[ REPLAY ANALYSIS · EXTRACTED FROM THE RECORDED GAME ]
Feudal
12:20
Castle
16:18
Imperial
29:20
| APM avg | 23.8 |
| APM peak | 48 |
| eAPM avg | 14.5 |
| Villagers / military | 104 / 268 |
Focus
⚔️ 34.7% · 🌾 65.3%
Hand Cannoneer ×190 · Scout Cavalry ×62 · Trebuchet (Packed) ×6 · Bombard Cannon ×4 · Monk ×2 · Mangonel ×2
Feudal
11:53
Castle
15:49
Imperial
29:47
| APM avg | 40.5 |
| APM peak | 84 |
| eAPM avg | 21.9 |
| Villagers / military | 207 / 109 |
Focus
⚔️ 27.2% · 🌾 72.8%
Organ Gun ×80 · Monk ×12 · Bombard Cannon ×11 · Trebuchet (Packed) ×6
Match map
Initial resources + every placement click. Lines = walls · curves = elevation contours. ◆ gold · ⬟ stone · ● berries · ✦ relic · ◌ wall gap
Your base· ✓ Closed at 16:18 · 4t walls · no gate
Pelado's base· ✓ Closed at 15:49 · 4t walls · no gate
Smoothed initial terrain · ◌ = detected wall gap · hover for details
Inputs per minute
— CryAndDie - - Pelado
Build order — CryAndDie
First 150 of 332 actions detected
| 0:01 | Create | Villager (Male) |
| 0:01 | Create | Villager (Male) |
| 0:01 | Create | Villager (Male) |
| 0:03 | Build | House |
| 0:04 | Build | House |
| 0:49 | Create | Villager (Male) |
| 0:49 | Create | Villager (Male) |
| 1:30 | Create | Villager (Male) |
| 1:48 | Build | Lumber Camp |
| 1:54 | Create | Villager (Male) |
| 2:28 | Create | Villager (Male) |
| 2:28 | Create | Villager (Male) |
| 2:58 | Create | Villager (Male) |
| 2:59 | Create | Villager (Male) |
| 3:37 | Create | Villager (Male) |
| 3:57 | Build | House |
| 4:06 | Build | House |
| 4:07 | Build | House |
| 4:15 | Create | Villager (Male) |
| 4:16 | Create | Villager (Male) |
| 4:41 | Build | Mill |
| 4:55 | Build | Palisade Wall |
| 5:01 | Create | Villager (Male) |
| 5:02 | Create | Villager (Male) |
| 5:41 | Create | Villager (Male) |
| 6:10 | Build | Farm |
| 6:12 | Create | Villager (Male) |
| 6:28 | Create | Villager (Male) |
| 7:10 | Build | Farm |
| 7:15 | Create | Villager (Male) |
| 7:25 | Create | Villager (Male) |
| 7:26 | Create | Villager (Male) |
| 7:26 | Create | Villager (Male) |
| 7:26 | Create | Villager (Male) |
| 7:30 | Research | Double-Bit Axe |
| 7:50 | Create | Villager (Male) |
| 7:50 | Create | Villager (Male) |
| 8:34 | Create | Villager (Male) |
| 8:35 | Create | Villager (Male) |
| 9:34 | Build | Mining Camp |
| 10:07 | Research | Feudal Age |
| 10:42 | Build | Barracks |
| 11:05 | Build | House |
| 11:14 | Create | Villager (Male) |
| 11:14 | Create | Villager (Male) |
| 11:14 | Create | Villager (Male) |
| 12:20 | Age | Feudal Age |
| 12:24 | Build | Archery Range |
| 12:29 | Build | Blacksmith |
| 12:48 | Research | Horse Collar |
| 13:29 | Research | Heavy Plow |
| 13:38 | Research | Castle Age |
| 14:16 | Research | Bow Saw |
| 14:20 | Research | Stone Mining |
| 15:02 | Research | Wheelbarrow |
| 15:03 | Research | Town Watch |
| 15:14 | Build | Farm |
| 15:15 | Build | Farm |
| 15:18 | Build | Farm |
| 15:19 | Build | Farm |
| 15:28 | Build | Farm |
| 15:31 | Build | Farm |
| 15:33 | Build | Farm |
| 15:45 | Build | Farm |
| 16:18 | Age | Castle Age |
| 16:22 | Build | Town Center |
| 16:32 | Build | Town Center |
| 17:11 | Build | Palisade Wall |
| 17:13 | Create | Villager (Male) |
| 17:13 | Create | Villager (Male) |
| 17:14 | Create | Villager (Male) |
| 17:19 | Create | Villager (Male) |
| 17:19 | Create | Villager (Male) |
| 17:27 | Build | Farm |
| 17:30 | Build | Farm |
| 17:32 | Build | Farm |
| 17:43 | Build | Stone Wall |
| 17:48 | Create | Villager (Male) |
| 17:48 | Create | Villager (Male) |
| 17:49 | Create | Villager (Male) |
| 17:50 | Create | Villager (Male) |
| 18:02 | Build | Farm |
| 18:03 | Build | Farm |
| 18:05 | Build | Farm |
| 18:14 | Build | Gate |
| 18:19 | Build | Stone Wall |
| 18:28 | Create | Villager (Male) ×3 |
| 18:45 | Build | Farm |
| 18:56 | Build | Town Center |
| 18:58 | Create | Villager (Male) ×2 |
| 19:03 | Build | Farm |
| 19:12 | Build | Farm |
| 19:14 | Create | Villager (Male) |
| 19:34 | Create | Villager (Male) ×2 |
| 19:38 | Build | Farm |
| 19:39 | Build | Farm |
| 19:46 | Build | House |
| 19:48 | Build | House |
| 19:49 | Build | House |
| 19:50 | Build | House |
| 19:52 | Create | Villager (Male) ×2 |
| 20:02 | Build | Farm |
| 20:04 | Create | Villager (Male) |
| 20:06 | Create | Villager (Male) |
| 20:18 | Create | Villager (Male) |
| 20:22 | Build | Farm |
| 20:24 | Create | Villager (Male) |
| 20:28 | Create | Villager (Male) |
| 20:32 | Build | Farm |
| 20:44 | Build | Farm |
| 20:45 | Build | Farm |
| 20:47 | Build | Farm |
| 20:51 | Create | Villager (Male) ×2 |
| 20:56 | Build | Farm |
| 21:00 | Create | Villager (Male) ×2 |
| 21:07 | Create | Villager (Male) |
| 21:07 | Create | Villager (Male) |
| 21:17 | Build | House |
| 21:18 | Build | House |
| 21:18 | Build | House |
| 21:18 | Build | House |
| 21:18 | Build | House |
| 21:19 | Build | House |
| 21:19 | Build | House |
| 21:19 | Build | House |
| 21:19 | Build | House |
| 21:26 | Create | Villager (Male) ×3 |
| 21:27 | Create | Villager (Male) |
| 21:34 | Create | Villager (Male) |
| 21:35 | Create | Villager (Male) |
| 21:41 | Research | Gold Mining |
| 21:57 | Create | Villager (Male) ×2 |
| 22:01 | Create | Villager (Male) |
| 22:01 | Create | Villager (Male) |
| 22:09 | Build | Town Center |
| 22:12 | Create | Villager (Male) ×2 |
| 22:26 | Create | Villager (Male) ×2 |
| 22:39 | Create | Villager (Male) |
| 22:42 | Build | Farm |
| 22:43 | Build | Farm |
| 22:47 | Build | Farm |
| 22:49 | Create | Villager (Male) ×5 |
| 23:00 | Build | Farm |
| 23:04 | Build | Farm |
| 23:05 | Create | Villager (Male) ×2 |
| 23:13 | Create | Villager (Male) |
| 23:20 | Build | Monastery |
| 23:28 | Build | University |
| 23:30 | Build | House |
| 23:30 | Build | House |
Build order — Pelado
First 150 of 477 actions detected
| 0:02 | Create | Villager (Male) |
| 0:02 | Create | Villager (Male) |
| 0:03 | Build | House |
| 0:05 | Build | House |
| 0:18 | Create | Villager (Male) |
| 0:18 | Create | Villager (Male) |
| 1:26 | Create | Villager (Male) |
| 1:26 | Create | Villager (Male) |
| 1:55 | Build | Lumber Camp |
| 1:58 | Create | Villager (Male) |
| 1:58 | Create | Villager (Male) |
| 2:31 | Create | Villager (Male) |
| 2:31 | Create | Villager (Male) |
| 2:34 | Create | Villager (Male) |
| 2:34 | Create | Villager (Male) |
| 3:09 | Create | Villager (Male) |
| 3:09 | Create | Villager (Male) |
| 3:34 | Create | Villager (Male) |
| 3:35 | Create | Villager (Male) |
| 3:38 | Build | House |
| 3:57 | Create | Villager (Male) |
| 3:57 | Create | Villager (Male) |
| 4:44 | Create | Villager (Male) |
| 4:44 | Create | Villager (Male) |
| 4:44 | Create | Villager (Male) |
| 4:47 | Build | Mill |
| 5:12 | Create | Villager (Male) |
| 5:13 | Create | Villager (Male) |
| 5:24 | Build | House |
| 5:26 | Build | House |
| 5:29 | Build | Palisade Wall |
| 5:34 | Create | Villager (Male) |
| 5:35 | Create | Villager (Male) |
| 5:35 | Create | Villager (Male) |
| 6:39 | Create | Villager (Male) |
| 6:53 | Build | House |
| 6:55 | Build | Palisade Wall |
| 7:01 | Create | Villager (Male) |
| 7:39 | Create | Villager (Male) |
| 8:08 | Create | Villager (Male) |
| 9:18 | Create | Villager (Male) |
| 9:24 | Build | Mining Camp |
| 9:27 | Research | Feudal Age |
| 10:04 | Create | Villager (Male) |
| 10:04 | Create | Villager (Male) |
| 11:53 | Age | Feudal Age |
| 11:58 | Build | Market |
| 12:00 | Build | Blacksmith |
| 12:17 | Research | Double-Bit Axe |
| 12:36 | Research | Horse Collar |
| 13:06 | Build | Lumber Camp |
| 13:09 | Research | Castle Age |
| 13:38 | Create | Villager (Male) |
| 13:38 | Create | Villager (Male) |
| 15:49 | Age | Castle Age |
| 15:52 | Build | Town Center |
| 15:55 | Build | Town Center |
| 16:05 | Create | Villager (Male) |
| 16:10 | Build | Town Center |
| 16:13 | Research | Heavy Plow |
| 16:14 | Research | Bow Saw |
| 16:16 | Create | Villager (Male) |
| 16:20 | Build | Farm |
| 16:23 | Build | Farm |
| 16:26 | Build | Farm |
| 16:29 | Build | Farm |
| 16:35 | Create | Villager (Male) |
| 16:42 | Build | Farm |
| 16:47 | Create | Villager (Male) |
| 16:55 | Create | Villager (Male) |
| 17:02 | Build | Farm |
| 17:10 | Build | Farm |
| 17:11 | Create | Villager (Male) |
| 17:12 | Create | Villager (Male) |
| 17:13 | Create | Villager (Male) |
| 17:14 | Create | Villager (Male) |
| 17:14 | Create | Villager (Male) |
| 17:14 | Create | Villager (Male) |
| 17:25 | Build | Farm |
| 17:26 | Create | Villager (Male) |
| 17:26 | Create | Villager (Male) |
| 17:37 | Build | Farm |
| 17:45 | Build | Farm |
| 17:51 | Build | Farm |
| 17:56 | Build | Farm |
| 17:57 | Create | Villager (Male) |
| 17:58 | Create | Villager (Male) |
| 18:04 | Build | Farm |
| 18:07 | Build | Farm |
| 18:09 | Create | Villager (Male) |
| 18:09 | Create | Villager (Male) |
| 18:16 | Build | House |
| 18:22 | Build | Farm |
| 18:25 | Build | Farm |
| 18:28 | Build | Farm |
| 18:33 | Create | Villager (Male) |
| 18:33 | Create | Villager (Male) |
| 18:39 | Build | Farm |
| 18:40 | Create | Villager (Male) |
| 18:41 | Create | Villager (Male) |
| 18:45 | Build | Farm |
| 18:46 | Create | Villager (Male) |
| 18:48 | Build | Farm |
| 18:56 | Build | Farm |
| 19:00 | Build | Farm |
| 19:02 | Create | Villager (Male) |
| 19:02 | Create | Villager (Male) |
| 19:05 | Build | Farm |
| 19:07 | Create | Villager (Male) |
| 19:14 | Build | Farm |
| 19:17 | Build | House |
| 19:28 | Build | House |
| 19:32 | Create | Villager (Male) |
| 19:33 | Build | Farm |
| 19:34 | Create | Villager (Male) |
| 19:37 | Create | Villager (Male) |
| 19:38 | Create | Villager (Male) |
| 19:40 | Build | Farm |
| 19:41 | Create | Villager (Male) |
| 19:41 | Create | Villager (Male) |
| 19:46 | Build | Farm |
| 19:48 | Create | Villager (Male) |
| 19:48 | Create | Villager (Male) |
| 19:53 | Create | Villager (Male) |
| 19:53 | Create | Villager (Male) |
| 19:54 | Create | Villager (Male) |
| 19:56 | Build | Farm |
| 19:58 | Create | Villager (Male) |
| 19:59 | Create | Villager (Male) |
| 20:03 | Build | Farm |
| 20:11 | Build | Farm |
| 20:12 | Create | Villager (Male) |
| 20:15 | Create | Villager (Male) |
| 20:16 | Create | Villager (Male) |
| 20:16 | Create | Villager (Male) |
| 20:18 | Build | Farm |
| 20:25 | Create | Villager (Male) |
| 20:25 | Create | Villager (Male) |
| 20:28 | Build | Farm |
| 20:29 | Create | Villager (Male) |
| 20:29 | Create | Villager (Male) |
| 20:33 | Create | Villager (Male) |
| 20:33 | Create | Villager (Male) |
| 20:40 | Build | Mining Camp |
| 20:43 | Create | Villager (Male) |
| 20:46 | Build | Mining Camp |
| 20:48 | Create | Villager (Male) |
| 20:48 | Create | Villager (Male) |
| 20:51 | Build | Farm |
| 20:52 | Create | Villager (Male) |
Match timeline
| 4:55 | CryAndDie · wall_segment Palisade Wall x4 |
| 5:29 | Pelado · wall_segment Palisade Wall x3 |
| 6:55 | Pelado · wall_segment Palisade Wall x1 |
| 10:42 | CryAndDie · first_building Barracks |
| 11:53 | Pelado · age_up feudal |
| 12:20 | CryAndDie · age_up feudal |
| 12:24 | CryAndDie · first_building Archery Range |
| 15:49 | Pelado · age_up castle |
| 16:04 | Pelado · first_market_buy 100 stone |
| 16:18 | CryAndDie · age_up castle |
| 17:11 | CryAndDie · wall_segment Palisade Wall x1 |
| 17:43 | CryAndDie · wall_segment Stone Wall x4 |
| 18:19 | CryAndDie · wall_segment Stone Wall x3 |
| 22:35 | Pelado · first_building Monastery |
| 23:20 | CryAndDie · first_building Monastery |
| 24:18 | CryAndDie · first_building Castle |
| 24:51 | Pelado · wall_segment Stone Wall x6 |
| 24:55 | Pelado · wall_segment Stone Wall x7 |
| 26:15 | Pelado · first_building Castle |
| 26:30 | Pelado · first_market_sell 100 wood |
| 29:11 | CryAndDie · first_building Siege Workshop |
| 29:20 | CryAndDie · age_up imperial |
| 29:23 | Pelado · first_building Siege Workshop |
| 29:47 | Pelado · age_up imperial |
| 38:30 | CryAndDie · first_building Stable |
| 41:44 | CryAndDie · wall_segment Stone Wall x7 |
| 42:02 | CryAndDie · wall_segment Stone Wall x2 |
| 43:26 | Pelado · resign |
[ AI ANALYSIS · 1 CREDIT ]
What really happened in this match?
Wolo.gg analyzes every decision: build order, eco, micro, common mistakes by bracket. Personalized analysis on WhatsApp or Discord in 30 seconds.
Civ guide
Burgundians
Map guide
Black Forest
Perfil
Jugador #549421